 Dungeon Crawl Stone Soup version 0.31-a0-145-g046c7d2549 (webtiles) character file.

Game seed: 7917660823652273605

246642 qw the Crack Shot (level 19, -3/185 HPs)
             Began as a Minotaur Hunter on June 7, 2023.
             Was an Elder of Okawaru.
             Slain by a centaur warrior (6 damage)
             ... on level 2 of the Vaults.
             The game lasted 00:14:36 (30509 turns).

qw the Crack Shot (Minotaur Hunter)                Turns: 30509, Time: 00:14:37

Health: -3/185     AC: 28    Str: 17    XL:     19   Next: 20%
Magic:  25/25      EV: 39    Int:  6    God:    Okawaru [****..]
Gold:   1649       SH:  0    Dex: 33    Spells: 18/18 levels left

rFire   . . .        y - +6 longbow (freeze)
rCold   . . .        (shield currently unavailable)
rNeg    . . .        v - +2 swamp dragon scales
rPois   +            o - +2 hat
rElec   .            f - +2 cloak {Stlth+}
rCorr   .            g - +2 pair of gloves
SInv    .            h - +2 pair of boots
Will    +....        s - amulet of faith
Stlth   +++++        c - +6 ring of dexterity
HPRegen 0.50/turn    z - +6 ring of dexterity
MPRegen 0.19/turn

%: faith
@: about to teleport, heroic, frozen, very slow
A: horns 2, retaliatory headbutt
}: 1/15 runes: decaying
a: Renounce Religion, Heroism, Finesse


You were on level 2 of the Vaults.
You worshipped Okawaru.
Okawaru was greatly pleased with you.
You visited 7 branches of the dungeon, and saw 32 of its levels.

You collected 3096 gold pieces.
You spent 1447 gold pieces at shops.


Innate Abilities, Weirdness & Mutations

You have a pair of horns on your head.
You reflexively headbutt those who attack you in melee.


   Skills:
 - Level 20.0(25.0) Fighting
 - Level 22.0(27) Ranged Weapons
 + Level 13.6(18.6) Armour
 - Level 19.5(24.5) Dodging
 - Level 0.7(5.7) Stealth
 - Level 10.0 Invocations


You had 18 spell levels left.
You didn't know any spells.
Your spell library was empty.

Inventory:

Hand Weapons
 y - a +6 longbow of freezing (weapon)
Armour
 e - a +0 troll leather armour
 f - a +2 cloak of stealth (worn)
 g - a +2 pair of gloves (worn)
 h - a +2 pair of boots (worn)
 k - the +3 leather armour "Ugajiwee" {rC+}
   (You found it on level 5 of the Dungeon)

   rC:        It protects you from cold.
 o - a +2 hat (worn)
 v - +2 swamp dragon scales (worn)
 x - a +2 leather armour of fire resistance
Jewellery
 b - an amulet of reflection
 c - a +6 ring of dexterity (left hand)
 s - an amulet of faith (around neck)
 z - a +6 ring of dexterity (right hand)
Wands
 w - a wand of digging (6)
Scrolls
 a - 8 scrolls of teleportation
 d - 17 scrolls of identify
Potions
 i - 15 potions of curing
 j - 5 potions of might
 m - 4 potions of heal wounds
 n - 2 potions of magic
 p - 3 potions of haste
 t - 5 potions of mutation

Dungeon Overview and Level Annotations

Branches:
Dungeon (15/15)            Temple (1/1) D:7            Lair (5/5) D:10
  Swamp (4/4) Lair:2       Spider (3/4) Lair:2        Slime (0/5) Lair:4
    Orc (2/2) D:9             Elf (0/3) Orc:2        Vaults (2/5) D:14
 Depths (0/4) D:15
  Crypt: Vaults:2-3

Altars:
Ashenzari
Cheibriados
Dithmenos
Elyvilon
Fedhas
Gozag
Hepliaklqana
Kikubaaqudgha
Makhleb
Nemelex Xobeh
Okawaru
Qazlal
Ru
Sif Muna
Trog
Uskayaw
Vehumet
Wu Jian
Xom
Yredelemnul
Zin
The Shining One
Jiyva

Shops:
D:5 *   D:12 !   D:15 =   Orc:1 ?:   Orc:2 ***(   Vaults:1 (

Portals:
Trove: D:11 (show slimy rune of Zot)

Annotations:
D:3 1 runed translucent door, Crazy Yiuf
D:4 2 runed translucent doors, qw's ghost, amateur GrFi
Lair:1 3 runed translucent doors, qw's ghost, journeyman GrFi
Spider:3 1 runed translucent door, Cumomo's ghost, adept SpEn
Orc:1 4 transporters


Message History

The centaur warrior completely misses you.
You shoot an arrow.
The arrow hits the ironbound thunderhulk!
The arrow freezes the ironbound thunderhulk.
The ironbound thunderhulk is almost dead.
The ice encasing you melts away.
The centaur warrior hits you but does no damage.
The centaur warrior misses you.
The ironbound frostheart calls freezing cold from the walls.
The frost grips you.
You are encased in ice.
The great orb of eyes misses you. The centaur warrior hits you.
The centaur warrior completely misses you.
The centaur warrior hits you but does no damage.
The centaur warrior completely misses you.
You shoot an arrow.
The arrow hits the ironbound thunderhulk!!
The arrow freezes the ironbound thunderhulk!
You kill the ironbound thunderhulk!
Okawaru accepts your kill. The centaur warrior barely misses you.
The centaur warrior kicks you but does no damage.
The ironbound frostheart calls freezing cold from the walls.
The frost grips you!!! The centaur warrior misses you. You furiously retaliate!
You headbutt the centaur warrior!
The centaur warrior completely misses you.
The great orb of eyes completely misses you.
You furiously retaliate!
You headbutt the great orb of eyes!
The centaur warrior completely misses you.
You furiously retaliate!
You headbutt the centaur warrior! The centaur warrior barely misses you.
The centaur warrior completely misses you.
The centaur warrior barely misses you.
30509 ||| READING 9 scrolls of teleportation.
As you read the scroll of teleportation, it crumbles to dust.
You feel strangely unstable. The centaur warrior hits you!
The centaur warrior completely misses you.
The centaur warrior hits you.
You die...

..)......# #..##......#
.....p..:# ##..##.....#
.........## #...##....#
..........# #....######
..........# ##c.......
..........### #c.......
............#+# #........
+#######....T.####%.......
#...%)T.p@c........
#......TGcc........
#......p.T.........
#..................
#..................
#.......#######....
#..%....# .... #......##
...


You could see an ironbound preserver, a great orb of eyes, an ironbound
frostheart, 3 centaur warriors and 4 deep trolls.

Vanquished Creatures
  Nikola (Swamp:1)
  Jorgrun (D:14)
  Rupert (D:12)
  Frances (D:14)
  Kirke (Spider:1)
  Gastronok (Lair:1)
  2 thorn hunters (Swamp:2)
  Roxanne (Swamp:1)
  Donald (Swamp:3)
  A fire giant (Vaults:1)
  3 vault wardens
  2 emperor scorpions
  Aizul (Spider:1)
  4 ghouls (Swamp:4)
  2 ghost moths
  Louise (Spider:1)
  3 ironbound thunderhulks
  A stone giant (Vaults:1)
  3 ironbound preservers
  A broodmother (Spider:2)
  2 dire elephants (Swamp:1)
  Nessos (Orc:2)
  3 bunyips
  A spark wasp (Spider:2)
  4 shambling mangroves
  4 entropy weavers
  3 fire dragons (Swamp:4)
  16 hydras
  12 boulder beetles
  A ghost crab (Swamp:1)
  2 vault guards (Vaults:2)
  3 ironbound frosthearts (Vaults:1)
  4 ogre magi (Orc:2)
  A jorogumo (Spider:3)
  3 radroaches
  A merfolk avatar (Swamp:3)
  2 death knights (D:15)
  4 alligators
  5 death yaks (Lair:5)
  15 two-headed ogres
  10 centaur warriors
  Urug (Orc:1)
  4 spriggans
  9 demonic crawlers
  A deep elf knight (Swamp:1)
  2 fire crabs (Swamp:4)
  3 skysharks
  5 pharaoh ants
  4 skeletal warriors (D:14)
  2 sun moths
  4 spriggan druids
  4 swamp dragons (Swamp:4)
  7 goliath frogs
  An orb spider (Spider:2)
  8 deep trolls (Vaults:1)
  3 lindwurms (Vaults:2)
  An orange crystal statue (D:10)
  4 steelbarb worms
  3 bog bodies
  A glowing orange brain (Vaults:2)
  A deep elf archer (Swamp:1)
  A phantasmal warrior (Vaults:1)
  8 oklob plants
  2 ironbound convokers (Vaults:1)
  3 harpies (Vaults:1)
  11 ugly things
  A necromancer (Vaults:1)
  13 wolf spiders
  2 manticores
  An orc sorcerer (Orc:2)
  7 will-o-the-wisps
  A salamander (D:15)
  A stone giant skeleton (Vaults:1)
  2 moths of wrath (Spider:3)
  7 cyclopes
  11 elephants
  Maurice (D:8)
  2 torpor snails
  4 black mambas
  Maggie (D:7)
  A gargoyle (D:13)
  4 vault sentinels
  19 cane toads
  4 komodo dragons
  6 yaktaurs (Vaults:1)
  5 rime drakes
  4 freezing wraiths
  2 efreet
  2 tengu conjurers (D:14)
  11 trolls
  5 bloated husks
  A queen bee (D:14)
  6 hornets
  3 polar bears
  13 meliai
  13 tyrant leeches
  19 tarantellas
  2 saltlings (Vaults:1)
  A raiju (Swamp:1)
  18 dream sheep
  Grinder (D:6)
  40 blink frogs
  A deep troll zombie (Vaults:1)
  26 slime creatures
  A slime creature (shapeshifter) (Vaults:1)
  11 culicivoras
  17 jumping spiders
  A shadow (D:12)
  2 wraiths
  4 wyverns
  A vampire (D:13)
  6 hogs (Spider:1)
  9 basilisks
  72 yaks
  3 fire bats (Swamp:4)
  33 redbacks
  A redback (shapeshifter) (D:15)
  Eustachio (D:6)
  3 steam dragons (Swamp:4)
  26 vampire mosquitoes
  Menkaure (D:7)
  14 swamp worms
  14 water moccasins
  Duvessa (D:6)
  11 swamp drakes
  3 black bears
  7 ice beasts
  20 orc warriors
  2 sky beasts
  29 ogres
  13 wolves
  8 centaurs
  2 human zombies (Vaults:1)
  A phantom (D:6)
  7 kobold brigands
  18 bullfrogs
  6 scorpions
  3 wights (D:8)
  19 killer bees
  An oklob sapling (Swamp:2)
  Dowan (D:6)
  2 human simulacra (Vaults:1)
  4 howler monkeys
  6 electric eels
  5 jellies
  10 orc priests
  2 hounds (D:6)
  5 iguanas
  20 orc wizards
  5 adders
  2 shadow imps
  A white imp (Vaults:1)
  4 ufetubi
  2 worms
  4 dart slugs
  55 orcs
  7 bats
  5 endoplasms
  5 giant cockroaches
  4 goblins
  11 hobgoblins
  2 jackals (D:4)
  30 kobolds
  4 quokkas
  8 ball pythons
  5 frilled lizards
  4 rats
1067 creatures vanquished.

Vanquished Creatures (others)
  A hydra (Swamp:4)
  A fire crab (Swamp:4)
  A spriggan druid (Swamp:1)
  A bloated husk (Swamp:1)
  A steam dragon (Swamp:4)
  An orc (Orc:2)
  12 foxfires
18 creatures vanquished.

Grand Total: 1085 creatures vanquished

Notes
Turn   | Place    | Note
-------+----------+-------------------------------------------
     0 | D:1      | qw the Minotaur Hunter began the quest for the Orb.
     0 | D:1      | Reached XP level 1. HP: 18/18 MP: 0/0
     0 | D:1      | 0 ||| qw: Version: 0.2-a-117-gc6b5c8b
     0 | D:1      | 0 ||| qw: Game counter: 2428
     0 | D:1      | 0 ||| qw: Always use a shield: true
     0 | D:1      | 0 ||| qw: God list: Okawaru
     0 | D:1      | 0 ||| qw: Allow faded altars: false
     0 | D:1      | 0 ||| qw: Do Orc after D:15 true
     0 | D:1      | 0 ||| qw: Do second Lair branch before Depths: true
     0 | D:1      | 0 ||| qw: Lair rune preference: random
     0 | D:1      | 0 ||| qw: Plans: Normal
     0 | D:1      | 0 ||| PLANNING D:1-11
    46 | D:1      | Reached XP level 2. HP: 17/25 MP: 1/1
    89 | D:1      | Reached skill level 5 in Ranged Weapons
   424 | D:1      | 424 ||| UPGRADING to +0 pair of boots.
   429 | D:1      | 429 ||| READING 2 scrolls labelled SUVUQASEOC.
   432 | D:1      | 432 ||| READING scroll labelled EVUGISM YCUA.
   432 | D:1      | Identified a scroll of acquirement
   432 | D:1      | 432 ||| ACQUIRING +6 triple crossbow of draining
   432 | D:1      | Acquired a +6 triple crossbow of draining
   434 | D:1      | 434 ||| SWAPPING to +6 triple crossbow of draining.
   435 | D:1      | 435 ||| DROPPING +0 shortbow.
   436 | D:1      | 436 ||| READING 3 scrolls labelled ZYDAPPAPPE.
   437 | D:1      | 437 ||| READING scroll labelled ISORUJ WISOOWN.
   538 | D:1      | 538 ||| DRINKING 2 fizzy silvery potions.
   539 | D:1      | 539 ||| DROPPING scroll of butterflies.
   540 | D:1      | 540 ||| DROPPING 2 scrolls of vulnerability.
   626 | D:2      | Reached skill level 3 in Fighting
   665 | D:2      | Reached XP level 3. HP: 31/31 MP: 2/2
   740 | D:2      | 740 ||| UPGRADING to amulet of reflection.
   745 | D:2      | 745 ||| READING 2 scrolls labelled ZUEXEO WUWKEAL.
   927 | D:2      | 927 ||| READING scroll labelled FACHULO OLEHOG.
   928 | D:2      | 928 ||| READING 3 scrolls of identify.
   928 | D:2      | 928 ||| IDENTIFYING lumpy sapphire potion
   929 | D:2      | 929 ||| READING 2 scrolls of identify.
   929 | D:2      | 929 ||| IDENTIFYING golden potion
   930 | D:2      | 930 ||| DROPPING potion of degeneration.
   931 | D:2      | 931 ||| DROPPING potion of attraction.
   984 | D:3      | Found a faded altar of an unknown god.
  1024 | D:3      | Reached XP level 4. HP: 38/38 MP: 3/3
  1057 | D:3      | Found a white marble altar of Elyvilon.
  1113 | D:3      | Reached skill level 6 in Ranged Weapons
  1241 | D:3      | Reached skill level 1 in Armour
  1426 | D:3      | Found a runed translucent door.
  1427 | D:3      | Noticed Crazy Yiuf
  1476 | D:3      | 1476 ||| UPGRADING to +0 ring mail.
  1486 | D:3      | 1486 ||| DROPPING +0 leather armour.
  1487 | D:3      | 1487 ||| READING scroll labelled WAIKHU DENK.
  1488 | D:3      | 1488 ||| READING 2 scrolls of identify.
  1488 | D:3      | 1488 ||| IDENTIFYING glowing ruby potion
  1489 | D:3      | 1489 ||| DROPPING potion of lignification.
  1530 | D:4      | Found a runed translucent door.
  1612 | D:4      | Reached XP level 5. HP: 46/46 MP: 4/4
  1689 | D:4      | Found a runed translucent door.
  1692 | D:4      | Noticed qw's ghost (amateur GrFi)
  1908 | D:4      | Identified the +5 spear "Veghihyss" {venom, rElec rN+
                  | Will-}
  2094 | D:4      | 2094 ||| UPGRADING to +6 ring of dexterity.
  2095 | D:4      | 2095 ||| READING scroll labelled GAJUYQ JAYMP.
  2096 | D:4      | 2096 ||| DRINKING 2 bubbling dark potions.
  2098 | D:4      | 2098 ||| Stepping ~*~*~tactically~*~*~ (cloud).
  2223 | D:5      | Entered Level 5 of the Dungeon
  2224 | D:5      | Found Koliar's Assorted Antiques.
  2230 | D:5      | 2230 ||| BUYING scroll labelled SOMUHEI BAUPE (28 gold).
  2230 | D:5      | Bought a scroll labelled SOMUHEI BAUPE for 28 gold pieces
  2230 | D:5      | 2230 ||| BUYING scroll labelled USHEUR LUIX (28 gold).
  2230 | D:5      | Bought a scroll labelled USHEUR LUIX for 28 gold pieces
  2230 | D:5      | 2230 ||| BUYING smoky clear potion (25 gold).
  2230 | D:5      | Bought a smoky clear potion for 25 gold pieces
  2230 | D:5      | 2230 ||| BUYING yellow potion (25 gold).
  2230 | D:5      | Bought a yellow potion for 25 gold pieces
  2257 | D:5      | Noticed a black bear
  2259 | D:5      | Killed a black bear
  2260 | D:5      | Reached skill level 7 in Ranged Weapons
  2260 | D:5      | Reached XP level 6. HP: 52/52 MP: 5/5
  2305 | D:5      | Noticed a water moccasin
  2309 | D:5      | Killed a water moccasin
  2310 | D:5      | Reached skill level 3 in Dodging
  2331 | D:5      | 2331 ||| READING scroll labelled SOMUHEI BAUPE.
  2344 | D:5      | 2344 ||| FLEEEEING.
  2345 | D:5      | 2345 ||| FLEEEEING.
  2346 | D:5      | 2346 ||| FLEEEEING.
  2347 | D:5      | 2347 ||| FLEEEEING.
  2348 | D:5      | 2348 ||| FLEEEEING.
  2349 | D:5      | 2349 ||| FLEEEEING.
  2350 | D:5      | 2350 ||| FLEEEEING.
  2351 | D:5      | 2351 ||| FLEEEEING.
  2352 | D:5      | 2352 ||| FLEEEEING.
  2353 | D:5      | 2353 ||| FLEEEEING.
  2354 | D:5      | 2354 ||| FLEEEEING.
  2355 | D:5      | 2355 ||| FLEEEEING.
  2356 | D:5      | 2356 ||| FLEEEEING.
  2358 | D:5      | 2358 ||| FLEEEEING.
  2359 | D:5      | 2359 ||| FLEEEEING.
  2360 | D:5      | 2360 ||| FLEEEEING.
  2361 | D:5      | 2361 ||| FLEEEEING.
  2362 | D:5      | 2362 ||| FLEEEEING.
  2363 | D:5      | 2363 ||| FLEEEEING.
  2364 | D:5      | 2364 ||| FLEEEEING.
  2365 | D:5      | 2365 ||| FLEEEEING.
  2366 | D:5      | 2366 ||| FLEEEEING.
  2367 | D:5      | 2367 ||| FLEEEEING.
  2369 | D:5      | 2369 ||| FLEEEEING.
  2370 | D:5      | 2370 ||| FLEEEEING.
  2371 | D:5      | 2371 ||| FLEEEEING.
  2372 | D:5      | 2372 ||| FLEEEEING.
  2373 | D:5      | 2373 ||| FLEEEEING.
  2374 | D:5      | 2374 ||| FLEEEEING.
  2375 | D:5      | 2375 ||| FLEEEEING.
  2376 | D:5      | 2376 ||| FLEEEEING.
  2377 | D:5      | 2377 ||| FLEEEEING.
  2378 | D:5      | 2378 ||| FLEEEEING.
  2379 | D:5      | 2379 ||| FLEEEEING.
  2380 | D:5      | 2380 ||| FLEEEEING.
  2381 | D:5      | 2381 ||| FLEEEEING.
  2382 | D:5      | 2382 ||| FLEEEEING.
  2383 | D:5      | 2383 ||| FLEEEEING.
  2384 | D:5      | 2384 ||| FLEEEEING.
  2385 | D:5      | 2385 ||| FLEEEEING.
  2386 | D:5      | 2386 ||| FLEEEEING.
  2387 | D:5      | 2387 ||| FLEEEEING.
  2388 | D:5      | 2388 ||| FLEEEEING.
  2389 | D:5      | 2389 ||| FLEEEEING.
  2390 | D:5      | 2390 ||| FLEEEEING.
  2391 | D:5      | 2391 ||| FLEEEEING.
  2393 | D:5      | 2393 ||| FLEEEEING.
  2394 | D:5      | 2394 ||| FLEEEEING.
  2395 | D:5      | 2395 ||| STAIRDANCE
  2433 | D:4      | 2433 ||| READING scroll labelled USHEUR LUIX.
  2600 | D:5      | Reached XP level 7. HP: 59/59 MP: 6/6
  2645 | D:5      | Reached skill level 8 in Ranged Weapons
  2651 | D:5      | Found a sacrificial altar of Ru.
  2775 | D:5      | Found an ancient bone altar of Kikubaaqudgha.
  2895 | D:5      | Identified the +3 leather armour "Ugajiwee" {rC+}
  2926 | D:5      | 2926 ||| UPGRADING to +3 leather armour "Ugajiwee" {rC+}.
  2936 | D:5      | 2936 ||| DROPPING +0 ring mail.
  2948 | D:5      | 2948 ||| READING scroll labelled REDGHI HATO.
  3176 | D:6      | Noticed Grinder
  3178 | D:6      | Killed Grinder
  3179 | D:6      | Reached skill level 9 in Ranged Weapons
  3179 | D:6      | Reached XP level 8. HP: 69/69 MP: 7/7
  3187 | D:6      | Found a hide-covered altar of Uskayaw.
  3246 | D:6      | Reached skill level 6 in Fighting
  3270 | D:6      | Noticed Eustachio
  3272 | D:6      | Killed Eustachio
  3273 | D:6      | Reached skill level 10 in Ranged Weapons
  3345 | D:6      | 3345 ||| Stepping ~*~*~tactically~*~*~ (outnumbered).
  3347 | D:6      | 3347 ||| Stepping ~*~*~tactically~*~*~ (outnumbered).
  3349 | D:6      | 3349 ||| Stepping ~*~*~tactically~*~*~ (outnumbered).
  3458 | D:6      | Noticed Dowan
  3459 | D:6      | Killed Dowan
  3464 | D:6      | Noticed Duvessa
  3469 | D:6      | Killed Duvessa
  3470 | D:6      | 3470 ||| FLEEEEING.
  3471 | D:6      | 3471 ||| FLEEEEING.
  3472 | D:6      | 3472 ||| FLEEEEING.
  3473 | D:6      | 3473 ||| FLEEEEING.
  3474 | D:6      | 3474 ||| FLEEEEING.
  3476 | D:6      | 3476 ||| FLEEEEING.
  3477 | D:6      | 3477 ||| FLEEEEING.
  3478 | D:6      | 3478 ||| FLEEEEING.
  3479 | D:6      | 3479 ||| FLEEEEING.
  3480 | D:6      | 3480 ||| FLEEEEING.
  3482 | D:6      | 3482 ||| FLEEEEING.
  3483 | D:6      | 3483 ||| STAIRDANCE
  3529 | D:5      | 3529 ||| DROPPING amulet of magic regeneration.
  3530 | D:5      | 3530 ||| READING scroll labelled YNEEPL VYES.
  3531 | D:5      | 3531 ||| READING 2 scrolls of identify.
  3531 | D:5      | 3531 ||| IDENTIFYING fuming white potion
  3532 | D:5      | 3532 ||| DRINKING potion of experience.
  3532 | D:5      | Reached skill level 15 in Ranged Weapons
  3532 | D:5      | Reached XP level 9. HP: 79/79 MP: 8/8
  3537 | D:6      | 3537 ||| STAIRDANCE
  3584 | D:6      | Found a glowing golden altar of the Shining One.
  3722 | D:6      | 3722 ||| DRINKING 2 yellow potions.
  3758 | D:7      | Reached XP level 10. HP: 86/86 MP: 9/9
  3804 | D:7      | Noticed Menkaure
  3805 | D:7      | Killed Menkaure
  3806 | D:7      | Reached skill level 6 in Dodging
  3811 | D:7      | Found a staircase to the Ecumenical Temple.
  3812 | D:7      | 3812 ||| PLANNING TEMPLE
  3812 | D:7      | 3812 ||| DROPPING amulet of guardian spirit.
  3813 | D:7      | 3813 ||| DRINKING 2 glowing amethyst potions.
  3813 | D:7      | Gained mutation: You have hidden genetic defects. [potion
                  | of mutation]
  3813 | D:7      | Gained mutation: You expend magic power (3 MP) to
                  | strengthen your wands. [potion of mutation]
  3814 | D:7      | 3814 ||| READING 2 scrolls of identify.
  3814 | D:7      | 3814 ||| IDENTIFYING smoky clear potion
  3824 | Temple   | Entered the Ecumenical Temple
  3834 | Temple   | 3834 ||| PLANNING OKAWARU WORSHIP
  3956 | Temple   | 3956 ||| UPGRADING to +0 pair of gloves.
  3978 | Temple   | Became a worshipper of Warmaster Okawaru
  3978 | Temple   | 3978 ||| PLANNING D:1-11
  4252 | D:7      | Found a shimmering altar of Xom.
  4255 | D:7      | Found a basalt altar of Yredelemnul.
  4269 | D:7      | Found a shadowy altar of Dithmenos.
  4426 | D:7      | Noticed Maggie
  4429 | D:7      | Killed Maggie
  4500 | D:7      | Gained mutation: You occasionally lose the ability to drink
                  | potions when taking damage. [hidden defects]
  4536 | D:7      | 4536 ||| DRINKING potion of mutation.
  4536 | D:7      | Lost mutation: You occasionally lose the ability to drink
                  | potions when taking damage. [potion of mutation]
  4536 | D:7      | Lost mutation: You expend magic power (3 MP) to strengthen
                  | your wands. [potion of mutation]
  4536 | D:7      | Lost mutation: You have hidden genetic defects. [potion of
                  | mutation]
  4537 | D:7      | 4537 ||| UPGRADING to +1 hat.
  4542 | D:7      | 4542 ||| READING 2 scrolls of identify.
  4542 | D:7      | 4542 ||| IDENTIFYING amethyst potion
  4543 | D:7      | 4543 ||| DROPPING potion of enlightenment.
  4575 | D:8      | 4575 ||| READING scroll of enchant armour.
  4575 | D:8      | 4575 ||| ENCHANTING +0 pair of gloves.
  4579 | D:8      | Reached * piety under Okawaru
  4580 | D:8      | 4580 ||| INVOKING Heroism.
  4611 | D:8      | Identified the ring "Ryt Xigihi" {rC+ rN+ Dex+3 Stlth+}
  4613 | D:8      | Reached skill level 1 in Invocations
  4642 | D:8      | 4642 ||| INVOKING Heroism.
  4644 | D:8      | 4644 ||| Stepping ~*~*~tactically~*~*~ (outnumbered).
  4665 | D:8      | 4665 ||| FLEEEEING.
  4666 | D:8      | 4666 ||| FLEEEEING.
  4667 | D:8      | 4667 ||| FLEEEEING.
  4727 | D:8      | 4727 ||| READING scroll of enchant armour.
  4727 | D:8      | 4727 ||| ENCHANTING +1 pair of gloves.
  4731 | D:8      | 4731 ||| INVOKING Heroism.
  4734 | D:8      | Reached skill level 9 in Fighting
  4799 | D:8      | 4799 ||| INVOKING Heroism.
  4815 | D:8      | Found a radiant altar of Vehumet.
  4881 | D:8      | Noticed Maurice
  4883 | D:8      | Killed Maurice
  4884 | D:8      | Reached skill level 3 in Armour
  5067 | D:8      | 5067 ||| INVOKING Heroism.
  5072 | D:8      | Reached skill level 3 in Invocations
  5098 | D:8      | 5098 ||| UPGRADING to +0 cloak.
  5103 | D:8      | 5103 ||| UPGRADING to ring "Ryt Xigihi" {rC+ rN+ Dex+3
                  | Stlth+}.
  5104 | D:8      | 5104 ||| READING scroll labelled LETWOAL QIPT.
  5187 | D:9      | Noticed a two-headed ogre
  5188 | D:9      | 5188 ||| INVOKING Heroism.
  5189 | D:9      | Killed a two-headed ogre
  5190 | D:9      | Reached XP level 11. HP: 97/97 MP: 9/12
  5220 | D:9      | 5220 ||| INVOKING Heroism.
  5234 | D:9      | Found a staircase to the Orcish Mines.
  5570 | D:9      | 5570 ||| READING scroll of enchant armour.
  5570 | D:9      | 5570 ||| ENCHANTING +1 hat.
  5720 | D:9      | 5720 ||| UPGRADING to amulet of faith.
  5730 | D:9      | 5730 ||| DROPPING +6 ring of strength.
  5745 | D:10     | Entered Level 10 of the Dungeon
  5796 | D:10     | Found a broken altar of Ashenzari.
  5849 | D:10     | Reached ** piety under Okawaru
  5862 | D:10     | 5862 ||| INVOKING Heroism.
  5885 | D:10     | 5885 ||| FLEEEEING.
  5886 | D:10     | 5886 ||| FLEEEEING.
  5887 | D:10     | 5887 ||| FLEEEEING.
  5888 | D:10     | 5888 ||| FLEEEEING.
  5889 | D:10     | 5889 ||| FLEEEEING.
  5890 | D:10     | 5890 ||| FLEEEEING.
  5891 | D:10     | 5891 ||| FLEEEEING.
  5892 | D:10     | 5892 ||| FLEEEEING.
  5893 | D:10     | 5893 ||| FLEEEEING.
  5894 | D:10     | 5894 ||| FLEEEEING.
  5895 | D:10     | 5895 ||| FLEEEEING.
  5896 | D:10     | 5896 ||| FLEEEEING.
  5897 | D:10     | 5897 ||| FLEEEEING.
  5900 | D:10     | 5900 ||| FLEEEEING.
  5901 | D:10     | 5901 ||| FLEEEEING.
  5902 | D:10     | 5902 ||| FLEEEEING.
  5905 | D:10     | 5905 ||| FLEEEEING.
  5906 | D:10     | 5906 ||| FLEEEEING.
  5907 | D:10     | 5907 ||| FLEEEEING.
  5908 | D:10     | 5908 ||| FLEEEEING.
  5909 | D:10     | 5909 ||| FLEEEEING.
  5910 | D:10     | 5910 ||| FLEEEEING.
  5911 | D:10     | 5911 ||| FLEEEEING.
  5912 | D:10     | 5912 ||| FLEEEEING.
  5913 | D:10     | 5913 ||| FLEEEEING.
  5915 | D:10     | 5915 ||| FLEEEEING.
  5916 | D:10     | 5916 ||| FLEEEEING.
  5917 | D:10     | 5917 ||| FLEEEEING.
  5918 | D:10     | 5918 ||| FLEEEEING.
  5919 | D:10     | 5919 ||| FLEEEEING.
  5920 | D:10     | 5920 ||| FLEEEEING.
  5921 | D:10     | 5921 ||| STAIRDANCE
  5979 | D:10     | Noticed a boulder beetle
  5980 | D:10     | 5980 ||| INVOKING Heroism.
  5989 | D:10     | Killed a boulder beetle
  5990 | D:10     | Reached skill level 9 in Dodging
  6055 | D:10     | Noticed an orange crystal statue
  6055 | D:10     | 6055 ||| INVOKING Heroism.
  6057 | D:10     | 6057 ||| DRINKING 5 potions of curing.
  6057 | D:10     | 6057 ||| (to cure confusion)
  6120 | D:10     | 6120 ||| INVOKING Heroism.
  6146 | D:10     | 6146 ||| INVOKING Heroism.
  6201 | D:10     | Found an opulent altar of Gozag.
  6334 | D:10     | 6334 ||| INVOKING Heroism.
  6336 | D:10     | Killed an orange crystal statue
  6379 | D:10     | 6379 ||| INVOKING Heroism.
  6381 | D:10     | Reached skill level 16 in Ranged Weapons
  6513 | D:10     | Reached *** piety under Okawaru
  6525 | D:10     | Found a staircase to the Lair.
  6806 | D:10     | 6806 ||| PLANNING LAIR
  6850 | Lair:1   | Entered Level 1 of the Lair of Beasts
  6901 | Lair:1   | 6901 ||| INVOKING Heroism.
  6958 | Lair:1   | Found a runed translucent gate.
  6963 | Lair:1   | Found a runed translucent gate.
  6963 | Lair:1   | Found a runed translucent gate.
  6965 | Lair:1   | Noticed qw's ghost (journeyman GrFi)
  6965 | Lair:1   | Noticed a 12-headed hydra
  6965 | Lair:1   | Noticed an 11-headed hydra
  6969 | Lair:1   | Noticed Gastronok
  6970 | Lair:1   | 6970 ||| INVOKING Heroism.
  6972 | Lair:1   | 6972 ||| Stepping ~*~*~tactically~*~*~ (outnumbered).
  6979 | Lair:1   | Killed Gastronok
  6979 | Lair:1   | Reached **** piety under Okawaru
  6996 | Lair:1   | 6996 ||| DRINKING potion of cancellation.
  7005 | Lair:1   | 7005 ||| INVOKING Heroism.
  7006 | Lair:1   | Received a gift from Okawaru
  7056 | Lair:1   | Found a frozen archway.
  7057 | Lair:1   | 7057 ||| Stepping ~*~*~tactically~*~*~ (outnumbered).
  7091 | Lair:1   | 7091 ||| INVOKING Heroism.
  7092 | Lair:1   | Noticed a boulder beetle
  7094 | Lair:1   | Reached XP level 12. HP: 110/110 MP: 11/14
  7101 | Lair:1   | Killed a boulder beetle
  7243 | Lair:1   | Reached ***** piety under Okawaru
  7558 | Lair:1   | 7558 ||| Stepping ~*~*~tactically~*~*~ (outnumbered).
  7560 | Lair:1   | 7560 ||| Stepping ~*~*~tactically~*~*~ (outnumbered).
  7562 | Lair:1   | 7562 ||| Stepping ~*~*~tactically~*~*~ (outnumbered).
  7564 | Lair:1   | 7564 ||| Stepping ~*~*~tactically~*~*~ (outnumbered).
  7566 | Lair:1   | 7566 ||| Stepping ~*~*~tactically~*~*~ (outnumbered).
  7568 | Lair:1   | Reached skill level 6 in Invocations
  7676 | Lair:1   | 7676 ||| DROPPING ring of ice.
  7677 | Lair:1   | 7677 ||| READING scroll labelled QYCOLU TUIC.
  7732 | Lair:2   | Found a staircase to the Swamp.
  7814 | Lair:2   | Reached skill level 17 in Ranged Weapons
  7825 | Lair:2   | 7825 ||| INVOKING Heroism.
  7827 | Lair:2   | Received a gift from Okawaru
  7938 | Lair:2   | Found a hole to the Spider Nest.
  7950 | Lair:2   | 7950 ||| INVOKING Heroism.
  8356 | Lair:3   | 8356 ||| INVOKING Heroism.
  8395 | Lair:3   | Found a hazy altar of Hepliaklqana.
  8419 | Lair:3   | Noticed a five-headed hydra
  8420 | Lair:3   | 8420 ||| INVOKING Heroism.
  8421 | Lair:3   | 8421 ||| INVOKING Finesse.
  8424 | Lair:3   | Killed a five-headed hydra
  8521 | Lair:3   | 8521 ||| INVOKING Heroism.
  8594 | Lair:3   | 8594 ||| INVOKING Heroism.
  8815 | Lair:3   | 8815 ||| INVOKING Heroism.
  8968 | Lair:3   | Reached XP level 13. HP: 116/116 MP: 18/18
  8974 | Lair:3   | 8974 ||| INVOKING Heroism.
  8992 | Lair:3   | Reached skill level 9 in Invocations
  9081 | Lair:3   | 9081 ||| INVOKING Heroism.
  9115 | Lair:3   | 9115 ||| INVOKING Heroism.
  9368 | Lair:3   | 9368 ||| READING 2 scrolls of identify.
  9368 | Lair:3   | 9368 ||| IDENTIFYING glowing sapphire potion
  9464 | Lair:4   | 9464 ||| INVOKING Heroism.
  9489 | Lair:4   | 9489 ||| INVOKING Heroism.
  9522 | Lair:4   | 9522 ||| INVOKING Heroism.
  9590 | Lair:4   | Found a viscous altar of Jiyva.
  9591 | Lair:4   | 9591 ||| INVOKING Heroism.
  9612 | Lair:4   | Found a staircase to the Slime Pits.
  9613 | Lair:4   | 9613 ||| Stepping ~*~*~tactically~*~*~ (outnumbered).
  9615 | Lair:4   | 9615 ||| Stepping ~*~*~tactically~*~*~ (outnumbered).
  9617 | Lair:4   | 9617 ||| Stepping ~*~*~tactically~*~*~ (outnumbered).
  9619 | Lair:4   | 9619 ||| Stepping ~*~*~tactically~*~*~ (outnumbered).
  9621 | Lair:4   | 9621 ||| Stepping ~*~*~tactically~*~*~ (outnumbered).
  9623 | Lair:4   | 9623 ||| Stepping ~*~*~tactically~*~*~ (outnumbered).
  9625 | Lair:4   | 9625 ||| Stepping ~*~*~tactically~*~*~ (outnumbered).
  9627 | Lair:4   | 9627 ||| FLEEEEING.
  9698 | Lair:4   | 9698 ||| INVOKING Heroism.
  9761 | Lair:4   | 9761 ||| INVOKING Heroism.
  9828 | Lair:4   | 9828 ||| INVOKING Heroism.
  9951 | Lair:4   | 9951 ||| INVOKING Heroism.
  9952 | Lair:4   | 9952 ||| INVOKING Finesse.
  9957 | Lair:4   | Reached skill level 18 in Ranged Weapons
 10011 | Lair:4   | 10011 ||| INVOKING Heroism.
 10461 | Lair:5   | Entered Level 5 of the Lair of Beasts
 10474 | Lair:5   | Reached skill level 12 in Fighting
 10476 | Lair:5   | 10476 ||| STAIRDANCE
 10479 | Lair:4   | 10479 ||| INVOKING Heroism.
 10664 | Lair:5   | 10664 ||| STAIRDANCE
 10667 | Lair:4   | 10667 ||| INVOKING Heroism.
 10865 | Lair:5   | 10865 ||| STAIRDANCE
 10870 | Lair:4   | 10870 ||| INVOKING Heroism.
 10990 | Lair:5   | 10990 ||| INVOKING Heroism.
 11000 | Lair:5   | Reached skill level 19 in Ranged Weapons
 11072 | Lair:5   | 11072 ||| FLEEEEING.
 11075 | Lair:5   | 11075 ||| FLEEEEING.
 11080 | Lair:5   | 11080 ||| STAIRDANCE
 11217 | Lair:5   | 11217 ||| INVOKING Heroism.
 11234 | Lair:5   | Identified the +1 robe of Ykofaps {rC++} (Okawaru gifted it
                  | to you on level 5 of the Lair of Beasts)
 11234 | Lair:5   | Received a gift from Okawaru
 11249 | Lair:5   | 11249 ||| INVOKING Heroism.
 11250 | Lair:5   | 11250 ||| INVOKING Finesse.
 11267 | Lair:5   | Reached XP level 14. HP: 126/126 MP: 14/20
 11281 | Lair:5   | Reached skill level 12 in Dodging
 11354 | Lair:5   | 11354 ||| INVOKING Heroism.
 11355 | Lair:5   | 11355 ||| INVOKING Finesse.
 11603 | Lair:5   | 11603 ||| FLEEEEING.
 11643 | Lair:5   | 11643 ||| FLEEEEING.
 11644 | Lair:5   | 11644 ||| FLEEEEING.
 11645 | Lair:5   | 11645 ||| FLEEEEING.
 11646 | Lair:5   | 11646 ||| FLEEEEING.
 11647 | Lair:5   | 11647 ||| FLEEEEING.
 11648 | Lair:5   | 11648 ||| FLEEEEING.
 11657 | Lair:5   | 11657 ||| STAIRDANCE
 11696 | Lair:4   | 11696 ||| DROPPING +0 robe of fire resistance.
 11697 | Lair:4   | 11697 ||| DROPPING +1 robe of Ykofaps {rC++}.
 11749 | Lair:5   | 11749 ||| INVOKING Heroism.
 11805 | Lair:5   | 11805 ||| FLEEEEING.
 11806 | Lair:5   | 11806 ||| INVOKING Heroism.
 11927 | Lair:5   | 11927 ||| READING scroll of enchant weapon.
 11927 | Lair:5   | 11927 ||| ENCHANTING +7 triple crossbow of draining.
 11931 | Lair:5   | 11931 ||| READING scroll of enchant armour.
 11931 | Lair:5   | 11931 ||| ENCHANTING +0 pair of boots.
 11956 | Lair:5   | 11956 ||| INVOKING Heroism.
 11969 | Lair:5   | HP: 26/129 [blink frog (34)]
 11970 | Lair:5   | 11970 ||| READING 4 scrolls of teleportation.
 11971 | Lair:5   | 11971 ||| DRINKING 3 potions of heal wounds.
 12287 | Lair:5   | 12287 ||| INVOKING Heroism.
 12288 | Lair:5   | 12288 ||| INVOKING Finesse.
 12302 | Lair:5   | Reached skill level 20 in Ranged Weapons
 12323 | Lair:5   | Received a gift from Okawaru
 12327 | Lair:5   | Reached skill level 6 in Armour
 12358 | Lair:5   | 12358 ||| DROPPING +1 triple crossbow of freezing.
 12750 | Lair:5   | 12750 ||| PLANNING D:1-11
 12750 | Lair:5   | 12750 ||| READING 2 scrolls of identify.
 12750 | Lair:5   | 12750 ||| IDENTIFYING emerald potion
 13017 | D:11     | 13017 ||| INVOKING Heroism.
 13018 | D:11     | 13018 ||| INVOKING Finesse.
 13128 | D:11     | 13128 ||| Stepping ~*~*~tactically~*~*~ (outnumbered).
 13129 | D:11     | 13129 ||| Stepping ~*~*~tactically~*~*~ (outnumbered).
 13274 | D:11     | Found a portal to a secret trove of treasure.
 13467 | D:11     | You fall into a shaft and drop 2 floors!
 13507 | D:11     | 13507 ||| INVOKING Heroism.
 13508 | D:11     | Identified the +0 robe of Agoraphobia {rPois Will++ Int-4
                  | Stlth+} (Okawaru gifted it to you on level 11 of the
                  | Dungeon)
 13508 | D:11     | Received a gift from Okawaru
 13842 | D:11     | 13842 ||| INVOKING Heroism.
 13843 | D:11     | 13843 ||| INVOKING Finesse.
 14194 | D:11     | 14194 ||| PLANNING D
 14194 | D:11     | 14194 ||| READING scroll labelled AFFUSE QISAYMA.
 14388 | D:12     | Noticed Rupert
 14389 | D:12     | 14389 ||| INVOKING Heroism.
 14402 | D:12     | Paralysed by Rupert for 5 turns
 14407 | D:12     | Killed Rupert
 14552 | D:12     | 14552 ||| FLEEEEING.
 14553 | D:12     | 14553 ||| FLEEEEING.
 14554 | D:12     | 14554 ||| FLEEEEING.
 14643 | D:12     | Found Midula's Distillery.
 14647 | D:12     | 14647 ||| INVOKING Heroism.
 14663 | D:12     | 14663 ||| BUYING potion of curing (48 gold).
 14663 | D:12     | Bought a potion of curing for 48 gold pieces
 14663 | D:12     | 14663 ||| BUYING potion of curing (48 gold).
 14663 | D:12     | Bought a potion of curing for 48 gold pieces
 14663 | D:12     | 14663 ||| BUYING potion of heal wounds (80 gold).
 14663 | D:12     | Bought a potion of heal wounds for 80 gold pieces
 14663 | D:12     | 14663 ||| BUYING potion of might (64 gold).
 14663 | D:12     | Bought a potion of might for 64 gold pieces
 14663 | D:12     | 14663 ||| BUYING potion of mutation (128 gold).
 14663 | D:12     | Bought a potion of mutation for 128 gold pieces
 14690 | D:12     | Reached XP level 15. HP: 138/138 MP: 21/21
 14940 | D:12     | 14940 ||| Stepping ~*~*~tactically~*~*~ (outnumbered).
 14942 | D:12     | 14942 ||| Stepping ~*~*~tactically~*~*~ (outnumbered).
 14945 | D:12     | 14945 ||| Stepping ~*~*~tactically~*~*~ (outnumbered).
 14947 | D:12     | 14947 ||| Stepping ~*~*~tactically~*~*~ (outnumbered).
 15312 | D:13     | 15312 ||| INVOKING Heroism.
 15313 | D:13     | 15313 ||| READING 5 scrolls of teleportation.
 15509 | D:13     | 15509 ||| INVOKING Heroism.
 15636 | D:13     | 15636 ||| Stepping ~*~*~tactically~*~*~ (outnumbered).
 15638 | D:13     | 15638 ||| Stepping ~*~*~tactically~*~*~ (outnumbered).
 15642 | D:13     | 15642 ||| Stepping ~*~*~tactically~*~*~ (outnumbered).
 15907 | D:13     | 15907 ||| INVOKING Heroism.
 15939 | D:13     | 15939 ||| READING scroll of enchant weapon.
 15939 | D:13     | 15939 ||| ENCHANTING +8 triple crossbow of draining.
 16068 | D:13     | Reached skill level 21 in Ranged Weapons
 16083 | D:13     | 16083 ||| READING 7 scrolls of identify.
 16083 | D:13     | 16083 ||| IDENTIFYING murky inky potion
 16084 | D:13     | 16084 ||| DROPPING potion of berserk rage.
 16175 | D:14     | 16175 ||| INVOKING Heroism.
 16287 | D:14     | 16287 ||| DRINKING potion of experience.
 16287 | D:14     | Reached XP level 16. HP: 146/146 MP: 22/22
 16322 | D:14     | Noticed Frances
 16323 | D:14     | 16323 ||| INVOKING Heroism.
 16332 | D:14     | Killed Frances
 16417 | D:14     | Found a glowing golden altar of the Shining One.
 16453 | D:14     | Found a gate to the Vaults.
 16554 | D:14     | 16554 ||| INVOKING Heroism.
 16577 | D:14     | Reached skill level 15 in Fighting
 16610 | D:14     | 16610 ||| INVOKING Heroism.
 16673 | D:14     | 16673 ||| INVOKING Heroism.
 16675 | D:14     | 16675 ||| Stepping ~*~*~tactically~*~*~ (outnumbered).
 16684 | D:14     | Noticed Jorgrun
 16684 | D:14     | 16684 ||| Stepping ~*~*~tactically~*~*~ (outnumbered).
 16687 | D:14     | 16687 ||| INVOKING Heroism.
 16691 | D:14     | Killed Jorgrun
 17020 | D:15     | Entered Level 15 of the Dungeon
 17021 | D:15     | 17021 ||| INVOKING Heroism.
 17030 | D:15     | 17030 ||| STAIRDANCE
 17248 | D:15     | 17248 ||| STAIRDANCE
 17400 | D:15     | 17400 ||| INVOKING Heroism.
 17402 | D:15     | 17402 ||| Stepping ~*~*~tactically~*~*~ (outnumbered).
 17526 | D:15     | Found Guqeurou's Jewellery Shoppe.
 17534 | D:15     | 17534 ||| BUYING +6 ring of dexterity (396 gold).
 17534 | D:15     | Bought a +6 ring of dexterity for 396 gold pieces
 17679 | D:15     | 17679 ||| INVOKING Heroism.
 17680 | D:15     | 17680 ||| Stepping ~*~*~tactically~*~*~ (outnumbered).
 17693 | D:15     | Identified the +1 chain mail of Complete Protection {rElec
                  | Int-3 Dex+5} (Okawaru gifted it to you on level 15 of the
                  | Dungeon)
 17693 | D:15     | Received a gift from Okawaru
 17697 | D:15     | Reached skill level 22 in Ranged Weapons
 17697 | D:15     | Found a staircase to the Depths.
 17766 | D:15     | 17766 ||| PLANNING ORC
 17766 | D:15     | 17766 ||| DROPPING ring of protection from fire.
 17767 | D:15     | 17767 ||| DROPPING ring of see invisible.
 17768 | D:15     | 17768 ||| DROPPING ring of positive energy.
 17769 | D:15     | 17769 ||| UPGRADING to +6 ring of dexterity.
 17771 | D:15     | 17771 ||| DROPPING ring "Ryt Xigihi" {rC+ rN+ Dex+3
                  | Stlth+}.
 17893 | Orc:1    | Entered Level 1 of the Orcish Mines
 17998 | Orc:1    | Found an ornate altar of the Wu Jian Council.
 17999 | Orc:1    | Found a transporter.
 18177 | Orc:1    | Found Xageex's Magic Scroll Boutique.
 18180 | Orc:1    | 18180 ||| BUYING 2 scrolls of teleportation (90 gold).
 18180 | Orc:1    | Bought 2 scrolls of teleportation for 90 gold pieces
 18180 | Orc:1    | 18180 ||| BUYING scroll of identify (30 gold).
 18180 | Orc:1    | Bought a scroll of identify for 30 gold pieces
 18180 | Orc:1    | 18180 ||| BUYING scroll of identify (30 gold).
 18180 | Orc:1    | Bought a scroll of identify for 30 gold pieces
 18180 | Orc:1    | 18180 ||| BUYING scroll of teleportation (45 gold).
 18180 | Orc:1    | Bought a scroll of teleportation for 45 gold pieces
 18242 | Orc:1    | Found a transporter.
 18249 | Orc:1    | Noticed Urug
 18250 | Orc:1    | 18250 ||| INVOKING Heroism.
 18251 | Orc:1    | 18251 ||| INVOKING Finesse.
 18254 | Orc:1    | Killed Urug
 18293 | Orc:1    | Found a transporter.
 18313 | Orc:1    | Found a transporter.
 18314 | Orc:1    | Found an ornate altar of the Wu Jian Council.
 18388 | Orc:1    | 18388 ||| Stepping ~*~*~tactically~*~*~ (outnumbered).
 18391 | Orc:1    | 18391 ||| Stepping ~*~*~tactically~*~*~ (outnumbered).
 18393 | Orc:1    | 18393 ||| Stepping ~*~*~tactically~*~*~ (outnumbered).
 18399 | Orc:1    | Reached skill level 15 in Dodging
 18427 | Orc:1    | Found Ucwoy's Vocational Training.
 18583 | Orc:1    | 18583 ||| DROPPING +2 leather armour of willpower.
 18626 | Orc:2    | Entered Level 2 of the Orcish Mines
 18660 | Orc:2    | 18660 ||| INVOKING Heroism.
 18693 | Orc:2    | 18693 ||| INVOKING Heroism.
 18716 | Orc:2    | Reached XP level 17. HP: 93/156 MP: 23/23
 18722 | Orc:2    | 18722 ||| FLEEEEING.
 18723 | Orc:2    | 18723 ||| FLEEEEING.
 18724 | Orc:2    | 18724 ||| FLEEEEING.
 18725 | Orc:2    | 18725 ||| STAIRDANCE
 18894 | Orc:2    | Noticed Nessos
 18903 | Orc:2    | 18903 ||| INVOKING Heroism.
 18906 | Orc:2    | Killed Nessos
 18949 | Orc:2    | 18949 ||| INVOKING Heroism.
 19175 | Orc:2    | 19175 ||| SWAPPING to +1 longbow of flaming.
 19176 | Orc:2    | 19176 ||| DROPPING +9 triple crossbow of draining.
 19274 | Orc:2    | Found Xynem's General Store.
 19274 | Orc:2    | Found Gethruef's General Store.
 19274 | Orc:2    | Found Ontis's Antique Weapon Emporium.
 19274 | Orc:2    | Found Cepre's General Store.
 19281 | Orc:2    | 19281 ||| BUYING potion of haste (120 gold).
 19281 | Orc:2    | Bought a potion of haste for 120 gold pieces
 19281 | Orc:2    | 19281 ||| BUYING scroll of brand weapon (114 gold).
 19281 | Orc:2    | Bought a scroll of brand weapon for 114 gold pieces
 19281 | Orc:2    | 19281 ||| READING scroll of brand weapon.
 19281 | Orc:2    | 19281 ||| BRANDING +1 longbow of flaming.
 19284 | Orc:2    | 19284 ||| BUYING scroll of identify (20 gold).
 19284 | Orc:2    | Bought a scroll of identify for 20 gold pieces
 19285 | Orc:2    | 19285 ||| BUYING potion of magic (128 gold).
 19285 | Orc:2    | Bought a potion of magic for 128 gold pieces
 19306 | Orc:2    | Found a staircase to the Elven Halls.
 19407 | Orc:2    | 19407 ||| PLANNING SWAMP:1-3
 19541 | Swamp:1  | Entered Level 1 of the Swamp
 19542 | Swamp:1  | 19542 ||| INVOKING Heroism.
 19549 | Swamp:1  | 19549 ||| DRINKING 4 potions of resistance.
 19578 | Swamp:1  | 19578 ||| STAIRDANCE
 19797 | Swamp:1  | 19797 ||| INVOKING Heroism.
 19840 | Swamp:1  | Noticed Nikola
 19841 | Swamp:1  | 19841 ||| STAIRDANCE
 19946 | Swamp:1  | 19946 ||| INVOKING Heroism.
 19958 | Swamp:1  | Killed Nikola
 20048 | Swamp:1  | 20048 ||| INVOKING Heroism.
 20174 | Swamp:1  | 20174 ||| INVOKING Heroism.
 20216 | Swamp:1  | 20216 ||| Stepping ~*~*~tactically~*~*~ (outnumbered).
 20218 | Swamp:1  | 20218 ||| FLEEEEING.
 20299 | Swamp:1  | 20299 ||| SWAPPING to +4 longbow.
 20300 | Swamp:1  | 20300 ||| DROPPING +1 longbow of freezing.
 20322 | Swamp:1  | 20322 ||| FLEEEEING.
 20323 | Swamp:1  | 20323 ||| FLEEEEING.
 20325 | Swamp:1  | 20325 ||| FLEEEEING.
 20328 | Swamp:1  | 20328 ||| FLEEEEING.
 20329 | Swamp:1  | 20329 ||| FLEEEEING.
 20330 | Swamp:1  | 20330 ||| FLEEEEING.
 20515 | Swamp:1  | Noticed Roxanne
 20516 | Swamp:1  | 20516 ||| INVOKING Heroism.
 20531 | Swamp:1  | Killed Roxanne
 20650 | Swamp:1  | 20650 ||| INVOKING Heroism.
 20924 | Swamp:1  | 20924 ||| UPGRADING to +2 cloak of stealth.
 20934 | Swamp:1  | 20934 ||| DROPPING +0 cloak.
 20935 | Swamp:1  | 20935 ||| DROPPING +0 ring mail of fire resistance.
 21038 | Swamp:2  | 21038 ||| INVOKING Heroism.
 21295 | Swamp:2  | 21295 ||| INVOKING Heroism.
 21683 | Swamp:2  | 21683 ||| FLEEEEING.
 21688 | Swamp:2  | 21688 ||| FLEEEEING.
 21689 | Swamp:2  | 21689 ||| FLEEEEING.
 21690 | Swamp:2  | 21690 ||| INVOKING Heroism.
 21908 | Swamp:2  | 21908 ||| INVOKING Heroism.
 22245 | Swamp:2  | 22245 ||| INVOKING Heroism.
 22332 | Swamp:3  | 22332 ||| INVOKING Heroism.
 22334 | Swamp:3  | Received a gift from Okawaru
 22378 | Swamp:3  | 22378 ||| INVOKING Heroism.
 22469 | Swamp:3  | 22469 ||| INVOKING Heroism.
 22566 | Swamp:3  | Found the +11 plutonium sword {Contam Stlth-}
 22588 | Swamp:3  | Identified the +0 kite shield "Kinofinu" {+Inv rN++ Will-}
 22588 | Swamp:3  | Noticed Donald
 22589 | Swamp:3  | 22589 ||| INVOKING Heroism.
 22601 | Swamp:3  | Killed Donald
 22737 | Swamp:3  | 22737 ||| INVOKING Heroism.
 22922 | Swamp:3  | 22922 ||| PLANNING SPIDER:1-3
 22922 | Swamp:3  | 22922 ||| DROPPING +4 ring of slaying {mikee}.
 23002 | Spider:1 | Entered Level 1 of the Spider Nest
 23011 | Spider:1 | Received a gift from Okawaru
 23023 | Spider:1 | Noticed Louise
 23033 | Spider:1 | Killed Louise
 23193 | Spider:1 | Noticed Aizul
 23194 | Spider:1 | 23194 ||| INVOKING Heroism.
 23208 | Spider:1 | Killed Aizul
 23392 | Spider:1 | Reached skill level 18 in Dodging
 23431 | Spider:1 | Noticed Kirke
 23434 | Spider:1 | 23434 ||| FLEEEEING.
 23435 | Spider:1 | 23435 ||| FLEEEEING.
 23447 | Spider:1 | 23447 ||| FLEEEEING.
 23448 | Spider:1 | 23448 ||| FLEEEEING.
 23449 | Spider:1 | 23449 ||| FLEEEEING.
 23582 | Spider:1 | Killed Kirke
 23618 | Spider:1 | 23618 ||| READING scroll of enchant weapon.
 23618 | Spider:1 | 23618 ||| ENCHANTING +4 longbow.
 23636 | Spider:1 | 23636 ||| Stepping ~*~*~tactically~*~*~ (outnumbered).
 23642 | Spider:1 | 23642 ||| Stepping ~*~*~tactically~*~*~ (outnumbered).
 23956 | Spider:2 | 23956 ||| READING scroll of enchant armour.
 23956 | Spider:2 | 23956 ||| ENCHANTING +1 pair of boots.
 24010 | Spider:2 | 24010 ||| Stepping ~*~*~tactically~*~*~ (outnumbered).
 24325 | Spider:2 | 24325 ||| INVOKING Heroism.
 24334 | Spider:2 | Reached skill level 18 in Fighting
 24560 | Spider:2 | Reached XP level 18. HP: 172/172 MP: 24/24
 24591 | Spider:2 | 24591 ||| INVOKING Heroism.
 24754 | Spider:2 | Identified the +2 plate armour "Zumuhank" {Rampage Str+6
                  | Slay-5} (Okawaru gifted it to you on level 2 of the Spider
                  | Nest)
 24754 | Spider:2 | Received a gift from Okawaru
 24893 | Spider:2 | 24893 ||| INVOKING Finesse.
 25101 | Spider:2 | 25101 ||| DRINKING 3 potions of resistance.
 25106 | Spider:2 | 25106 ||| INVOKING Heroism.
 25457 | Spider:3 | 25457 ||| INVOKING Heroism.
 25458 | Spider:3 | 25458 ||| INVOKING Finesse.
 25484 | Spider:3 | Reached skill level 9 in Armour
 25937 | Spider:3 | 25937 ||| INVOKING Heroism.
 26492 | Spider:3 | 26492 ||| Stepping ~*~*~tactically~*~*~ (outnumbered).
 26806 | Spider:3 | 26806 ||| INVOKING Heroism.
 26881 | Spider:3 | Found a runed translucent door.
 26882 | Spider:3 | Noticed Cumomo's ghost (adept SpEn)
 26960 | Spider:3 | 26960 ||| PLANNING SWAMP:4
 27104 | Swamp:4  | Entered Level 4 of the Swamp
 27123 | Swamp:4  | 27123 ||| STAIRDANCE
 27236 | Swamp:4  | 27236 ||| INVOKING Heroism.
 27302 | Swamp:4  | 27302 ||| INVOKING Heroism.
 27439 | Swamp:4  | 27439 ||| Stepping ~*~*~tactically~*~*~ (water).
 27440 | Swamp:4  | 27440 ||| INVOKING Heroism.
 27607 | Swamp:4  | 27607 ||| Stepping ~*~*~tactically~*~*~ (cloud).
 27613 | Swamp:4  | 27613 ||| INVOKING Heroism.
 27645 | Swamp:4  | Identified the +8 flail "Reodaz Payse" {freeze, rN+ MP+9
                  | Str+3 Int-5}
 27647 | Swamp:4  | 27647 ||| DRINKING 2 potions of resistance.
 27701 | Swamp:4  | 27701 ||| Stepping ~*~*~tactically~*~*~ (cloud).
 27702 | Swamp:4  | 27702 ||| INVOKING Heroism.
 27710 | Swamp:4  | 27710 ||| DRINKING potion of resistance.
 27736 | Swamp:4  | 27736 ||| INVOKING Heroism.
 27907 | Swamp:4  | 27907 ||| INVOKING Heroism.
 27928 | Swamp:4  | 27928 ||| DRINKING 16 potions of curing.
 27928 | Swamp:4  | 27928 ||| (to cure confusion)
 27935 | Swamp:4  | 27935 ||| Stepping ~*~*~tactically~*~*~ (outnumbered).
 27941 | Swamp:4  | 27941 ||| Stepping ~*~*~tactically~*~*~ (cloud).
 27985 | Swamp:4  | 27985 ||| INVOKING Heroism.
 28078 | Swamp:4  | 28078 ||| INVOKING Heroism.
 28091 | Swamp:4  | 28091 ||| Stepping ~*~*~tactically~*~*~ (cloud).
 28191 | Swamp:4  | 28191 ||| READING scroll of brand weapon.
 28191 | Swamp:4  | 28191 ||| BRANDING +5 longbow.
 28232 | Swamp:4  | 28232 ||| Stepping ~*~*~tactically~*~*~ (cloud).
 28239 | Swamp:4  | 28239 ||| DROPPING +0 robe of Agoraphobia {rPois Will++
                  | Int-4 Stlth+}.
 28240 | Swamp:4  | 28240 ||| UPGRADING to +0 swamp dragon scales.
 28250 | Swamp:4  | 28250 ||| READING 2 scrolls of enchant armour.
 28250 | Swamp:4  | 28250 ||| ENCHANTING +0 swamp dragon scales.
 28251 | Swamp:4  | 28251 ||| READING scroll of enchant armour.
 28251 | Swamp:4  | 28251 ||| ENCHANTING +1 swamp dragon scales.
 28474 | Swamp:4  | 28474 ||| Waiting for clouds to move.
 28486 | Swamp:4  | Got a decaying rune of Zot
 28487 | Swamp:4  | 28487 ||| Stepping ~*~*~tactically~*~*~ (cloud).
 28488 | Swamp:4  | 28488 ||| PLANNING VAULTS:1-4
 28704 | Vaults:1 | Entered Level 1 of the Vaults
 28705 | Vaults:1 | 28705 ||| PLANNING DESOLATION
 28817 | Vaults:1 | 28817 ||| INVOKING Heroism.
 28920 | Vaults:1 | 28920 ||| FLEEEEING.
 28923 | Vaults:1 | 28923 ||| FLEEEEING.
 28924 | Vaults:1 | 28924 ||| FLEEEEING.
 28925 | Vaults:1 | 28925 ||| FLEEEEING.
 28926 | Vaults:1 | 28926 ||| FLEEEEING.
 28927 | Vaults:1 | 28927 ||| FLEEEEING.
 28928 | Vaults:1 | 28928 ||| FLEEEEING.
 28933 | Vaults:1 | 28933 ||| INVOKING Heroism.
 28958 | Vaults:1 | 28958 ||| INVOKING Finesse.
 29017 | Vaults:1 | HP: 44/178 [ironbound preserver/+0 flail (8)]
 29018 | Vaults:1 | 29018 ||| READING 10 scrolls of teleportation.
 29028 | Vaults:1 | Received a gift from Okawaru
 29030 | Vaults:1 | Reached XP level 19. HP: 48/185 MP: 25/25
 29463 | Vaults:1 | Reached skill level 12 in Armour
 29494 | Vaults:1 | 29494 ||| RIP DESOLATION
 29501 | Vaults:1 | 29501 ||| PLANNING VAULTS:1-4
 29735 | Vaults:1 | 29735 ||| READING scroll of enchant weapon.
 29735 | Vaults:1 | 29735 ||| ENCHANTING +5 longbow of freezing.
 29761 | Vaults:1 | 29761 ||| INVOKING Heroism.
 29762 | Vaults:1 | 29762 ||| INVOKING Finesse.
 29821 | Vaults:1 | 29821 ||| INVOKING Heroism.
 29822 | Vaults:1 | 29822 ||| Stepping ~*~*~tactically~*~*~ (outnumbered).
 29823 | Vaults:1 | 29823 ||| Stepping ~*~*~tactically~*~*~ (outnumbered).
 29971 | Vaults:1 | 29971 ||| INVOKING Heroism.
 30066 | Vaults:1 | Found Eziugiud's Antique Weapon Shop.
 30421 | Vaults:2 | 30421 ||| Stepping ~*~*~tactically~*~*~ (outnumbered).
 30424 | Vaults:2 | 30424 ||| Stepping ~*~*~tactically~*~*~ (outnumbered).
 30426 | Vaults:2 | 30426 ||| Stepping ~*~*~tactically~*~*~ (outnumbered).
 30428 | Vaults:2 | 30428 ||| Stepping ~*~*~tactically~*~*~ (outnumbered).
 30452 | Vaults:2 | 30452 ||| FLEEEEING.
 30453 | Vaults:2 | 30453 ||| FLEEEEING.
 30454 | Vaults:2 | 30454 ||| FLEEEEING.
 30455 | Vaults:2 | 30455 ||| FLEEEEING.
 30456 | Vaults:2 | 30456 ||| FLEEEEING.
 30457 | Vaults:2 | 30457 ||| FLEEEEING.
 30458 | Vaults:2 | 30458 ||| FLEEEEING.
 30459 | Vaults:2 | 30459 ||| FLEEEEING.
 30460 | Vaults:2 | 30460 ||| FLEEEEING.
 30461 | Vaults:2 | 30461 ||| FLEEEEING.
 30463 | Vaults:2 | 30463 ||| FLEEEEING.
 30468 | Vaults:2 | 30468 ||| FLEEEEING.
 30469 | Vaults:2 | 30469 ||| FLEEEEING.
 30492 | Vaults:2 | 30492 ||| FLEEEEING.
 30493 | Vaults:2 | 30493 ||| FLEEEEING.
 30495 | Vaults:2 | 30495 ||| Stepping ~*~*~tactically~*~*~ (outnumbered).
 30496 | Vaults:2 | 30496 ||| INVOKING Heroism.
 30498 | Vaults:2 | 30498 ||| Stepping ~*~*~tactically~*~*~ (outnumbered).
 30503 | Vaults:2 | 30503 ||| DRINKING potion of cancellation.
 30508 | Vaults:2 | HP: 11/185 [ironbound frostheart/creeping frost[a vault
                  | warden] (43)]
 30509 | Vaults:2 | 30509 ||| READING 9 scrolls of teleportation.
 30509 | Vaults:2 | HP: 3/185 [centaur warrior (8)]
 30509 | Vaults:2 | Slain by a centaur warrior

Levels and vault maps discovered:
D:1:      scummos_arrival_forest, layout_rooms, grunt_decor_arrowhead
D:2:      layout_rooms, minmay_strange_pillars
D:3:      layout_basic, marbit_many_paths,
          chequers_ecumenical_altar_simple_redux, uniq_crazy_yiuf_cottage
D:4:      layout_loops_ring, ebering_ghost_sewer_f
D:5:      cheibrodos_thug_alley, layout_loops_ring, nicolae_ru_path_of_blood,
          mainiacjoe_overflow_alcove_2, serial_shops, nicolae_diamond_shop
D:6:      layout_loops_cross, mainiacjoe_overflow_surrounded_room, tso_altar,
          uniq_grinder, uniq_eustachio, uniq_duvessa
D:7:      layout_rooms, grunt_temple_overflow_diamond,
          minmay_temple_entry_overgrown, uniq_maggie, uniq_menkaure
D:8:      layout_cave_pools, vehumet_crystals, kennysheep_flooded_box,
          grunt_ministairs_2, uniq_maurice
D:9:      layout_irregular_city, david_orc_2
D:10:     layout_irregular_city, cheibrodos_ashenzari_chains,
          kennysheep_little_box, hellmonk_lair_entry_icy, minivault_15
D:11:     layout_grid_maze, enter_trove_1, chequers_garden, minivault_1,
          minivault_25_ag, kennysheep_generic_room_15
D:12:     layout_basic, serial_shops, nicolae_shop_advertising_works
          [nicolae_subvault_shop_adworks], uniq_rupert
D:13:     layout_stronghold
D:14:     layout_gridville, skrybe_vaults_entry_preservation,
          lemuel_crystal_altar, special_room [special_room_bee], uniq_jorgrun,
          uniq_frances
D:15:     hangedman_depths_entry_try_elsewhere_first, layout_cave_pools,
          serial_shops, shop, nicolae_twisting_strands
Temple:   pf_slime_end_temple
Lair:1:   layout_concentric_octagons, portal_ice_cave_rime,
          gammafunk_ghost_hydra_chop, grunt_megastairs_1, uniq_gastronok
Lair:2:   layout_misc_corridors, minmay_swamp_entry_swarm,
          hellmonk_spider_entry_not_the_bees, grunt_megastairs_4
Lair:3:   layout_chaotic_city, serial_forest, infiniplex_forest_end_1,
          infiniplex_forest_straight_2, infiniplex_forest_straight_3,
          infiniplex_forest_zigzag_1, infiniplex_forest_lined_corner,
          infiniplex_forest_clump_small, infiniplex_forest_straight_4,
          infiniplex_forest_clump_C, basic_altar, serial_bayou_shore_a
Lair:4:   layout_regular_city, minmay_slime_entry_oklob_open
Lair:5:   minmay_lair_end_frog_pond, layout_cave_pods,
          chequers_serial_rivers_marsh, nicolae_quartered_pool_little,
          grunt_megastairs_3, lemuel_fruit_tree
Swamp:1:  layout_basic_swamp, evilmike_swamp_ruin_house_1,
          beargit_elvish_explorers, uniq_nikola, uniq_roxanne
Swamp:2:  nicolae_swamp_phyte_club, layout_basic_swamp,
          nicolae_swamp_little_tower, swamp_pool1, hangedman_swamp_lotus,
          nzn_swamp_dancing_lights
Swamp:3:  layout_falls_marsh, evilmike_swamp_ruin_house_2, swamp_pool3,
          grunt_lady_of_the_lake, uniq_donald
Swamp:4:  swamp_fiery, layout_basic_swamp, swamp_pool3
Spider:1: layout_cave_pods, uniq_louise, uniq_kirke, uniq_aizul
Spider:2: layout_chambers
Spider:3: layout_spider_delve, gammafunk_ghost_grave
Orc:1:    dreamdust_wu_jian_sword_trials, layout_diamond_mine, serial_shops,
          nicolae_shop_real_fake_doors, nicolae_shop_vocational, uniq_urug
Orc:2:    st_orc_ogre_mass, layout_caves, basic_altar, uniq_nessos
Vaults:1: portal_desolation_entry_salt, grunt_vaults_funneled_arena,
          nicolae_vaults_little_squares_2, ontoclasm_vaults_loading_screen,
          serial_ice_b, nicolae_vaults_two_Ls,
          nicolae_vaults_diagonal_hallway_9, ontoclasm_vaults_gateway,
          nicolae_vaults_asterisk, vaults_room_grid,
          nicolae_vaults_little_squares_6, layout_vaults_omnicross,
          serial_shops, nicolae_shop_back_alley_shop
Vaults:2: nicolae_vaults_offset_grid_hallway_2, v_misc_13,
          vaults_mumra_chevron_long, nicolae_vaults_tetromino_Z_1,
          nicolae_vaults_house_3, nicolae_vaults_surprise_closet,
          ontoclasm_vaults_misaligned, nicolae_vaults_taking_the_gang_shopping,
          nicolae_vaults_turnstiles, nicolae_vaults_little_squares_1,
          vaults_mumra_hex, vaults_room_door_ring, layout_vaults_chaotic_city,
          serial_shops, nicolae_lakefront_shop

Skill      XL: |  1  2  3  4  5  6  7  8  9 10 11 12 13 14 15 16 17 18 19 |
---------------+----------------------------------------------------------+-----
Ranged Weapons | 5 6 7 9 15 16 17 19 20 21 22 | 22.0
Fighting       | 3 4 5 7 9 11 12 14 15 18 20 | 20.0
Armour         | 1 3 4 5 6 7 8 11 13 | 13.6
Dodging        | 3 4 5 7 10 11 13 14 16 18 19 | 19.5
Invocations    | 3 4 8 10 | 10.0
Stealth        | |  0.7

Action                     |  1- 3 |  4- 6 |  7- 9 | 10-12 | 13-15 | 16-18 | 19-21 || total
---------------------------+-------+-------+-------+-------+-------+-------+-------++-------
   Fire: Shortbow          |    29 |       |       |       |       |       |       ||    29
         Triple crossbow   |    44 |    62 |    77 |   314 |   569 |   297 |       ||  1363
         Longbow           |       |       |       |       |       |  1190 |   120 ||  1310
 Invoke: Heroism           |       |       |       |    25 |    32 |    48 |     4 ||   109
         Finesse           |       |       |       |     1 |     6 |     4 |     1 ||    12
    Use: Scroll            |     8 |     5 |     3 |     7 |     9 |     7 |     2 ||    41
         Potion            |     1 |     1 |     2 |     4 |     2 |     5 |     1 ||    16
 Armour: Leather armour    |     9 |     4 |     8 |    31 |   112 |   155 |       ||   319
         Ring mail         |       |     9 |     2 |       |       |       |       ||    11
         Swamp dragon scal |       |       |       |       |       |    14 |     6 ||    20
  Dodge: Dodged            |    17 |     7 |    25 |   174 |   533 |  1114 |    80 ||  1950
  Block: Other             |       |     9 |     5 |     6 |       |       |       ||    20
         Reflection        |       |       |       |     2 |       |       |       ||     2

Table legend:
 A = Non-vault XP
 B = Vault XP
 C = Vault XP percentage of total XP
 D = Non-vault monster count
 E = Vault monster count
 F = Vault count percentage of total count
                 A         B        C        D         E       F
            +---------+---------+-------+---------+---------+-------
      Total |  225093 |  114811 |  33.8 |     791 |     278 |  26.0
            +---------+---------+-------+---------+---------+-------
        D:1 |      21 |       0 |   0.0 |       9 |       0 |   0.0
        D:2 |      56 |       0 |   0.0 |      23 |       0 |   0.0
        D:3 |      57 |       1 |   1.7 |      23 |       1 |   4.2
        D:4 |     189 |       0 |   0.0 |      13 |       0 |   0.0
        D:5 |     586 |     212 |  26.6 |      13 |      11 |  45.8
        D:6 |     942 |     650 |  40.8 |      26 |       4 |  13.3
        D:7 |    1609 |     587 |  26.7 |      18 |       2 |  10.0
        D:8 |    2018 |     658 |  24.6 |      31 |       5 |  13.9
        D:9 |    1331 |     406 |  23.4 |       5 |       6 |  54.5
       D:10 |    3599 |    2019 |  35.9 |      24 |      10 |  29.4
       D:11 |    2941 |    2722 |  48.1 |      12 |       6 |  33.3
       D:12 |    5953 |    1869 |  23.9 |      26 |       1 |   3.7
       D:13 |    9912 |       0 |   0.0 |      25 |       0 |   0.0
       D:14 |   11305 |   10726 |  48.7 |      18 |      27 |  60.0
       D:15 |    7368 |    2441 |  24.9 |      14 |       4 |  22.2
     Lair:1 |    5113 |    3394 |  39.9 |      23 |       7 |  23.3
     Lair:2 |    3065 |    2304 |  42.9 |      13 |      11 |  45.8
     Lair:3 |   10663 |       0 |   0.0 |      35 |       0 |   0.0
     Lair:4 |    8550 |    4531 |  34.6 |      33 |      11 |  25.0
     Lair:5 |   24160 |   10856 |  31.0 |      82 |      42 |  33.9
    Swamp:1 |   10413 |    6632 |  38.9 |      21 |       7 |  25.0
    Swamp:2 |    4854 |    7694 |  61.3 |      12 |      10 |  45.5
    Swamp:3 |   13207 |    1319 |   9.1 |      28 |       1 |   3.4
    Swamp:4 |   11730 |   16191 |  58.0 |      22 |      30 |  57.7
   Spider:1 |    7253 |    5038 |  41.0 |      19 |       9 |  32.1
   Spider:2 |   27720 |       0 |   0.0 |      64 |       0 |   0.0
   Spider:3 |   19988 |       0 |   0.0 |      48 |       0 |   0.0
      Orc:1 |    2438 |     800 |  24.7 |      34 |       1 |   2.9
      Orc:2 |    2221 |   16451 |  88.1 |      32 |      41 |  56.2
   Vaults:1 |   17503 |   17310 |  49.7 |      31 |      31 |  50.0
   Vaults:2 |    8328 |       0 |   0.0 |      14 |       0 |   0.0
            +---------+---------+-------+---------+---------+-------
